 Dungeon Crawl Stone Soup version 0.26-a0-682-g294304f6e8 (webtiles) character file.

Game seed: 5281439387130246074

128 grandjackal the Ducker (level 4, -2/35 HPs)
             Began as a Demonspawn Gladiator on Oct 22, 2020.
             Slain by an iguana (13 damage)
             ... on level 4 of the Dungeon.
             The game lasted 00:03:11 (2748 turns).

grandjackal the Ducker (Demonspawn Gladiator)       Turns: 2748, Time: 00:03:12

Health: -2/35      AC:  5    Str: 15    XL:     4   Next: 86%
Magic:  4/4        EV: 13    Int: 12    God:
Gold:   128        SH:  0    Dex: 15    Spells: 3/3 levels left

rFire    . . .     SeeInvis .   a - +0 long sword
rCold    . . .     Faith    .   (no shield)
rNeg     . . .     Spirit   .   b - +0 leather armour
rPois    .         Reflect  .   l - +1 helmet {Int+3}
rElec    .         Harm     .   (no cloak)
rCorr    .         Rampage  .   (no gloves)
MR       .....                  (no boots)
Stlth    +.........             (no amulet)
HPRegen  0.11/turn              (no ring)
MPRegen  0.09/turn              (no ring)

@: no status effects
A: claws 1
a: no special abilities


You were on level 4 of the Dungeon.
You visited 1 branch of the dungeon, and saw 4 of its levels.

You collected 128 gold pieces.

Inventory:

Hand Weapons
 a - a +0 long sword (weapon)
Missiles
 d - 3 throwing nets (quivered)
Armour
 b - a +0 leather armour (worn)
 l - a +1 helmet of intelligence (worn)
Scrolls
 k - 2 scrolls of noise {unknown}
 m - 2 scrolls of amnesia {unknown}
 p - a scroll of identify {unknown}
 r - a scroll of fog {unknown}
Potions
 c - a potion of might {unknown}
 e - a potion of curing
 f - 2 potions of brilliance {unknown}
 g - a potion of haste {unknown}
 h - a potion of stabbing {unknown}
 i - a potion of magic {unknown}
 j - a potion of mutation {unknown}
 n - a potion of ambrosia {unknown}
 o - a potion of lignification {unknown}
 q - a potion of degeneration {unknown}


   Skills:
 + Level 3.1 Fighting
 - Level 2.9 Long Blades
 - Level 1.7 Throwing
 + Level 3.5 Dodging
 * Level 2.5 Unarmed Combat


You had 3 spell levels left.
You didn't know any spells.
Your spell library was empty.

Dungeon Overview and Level Annotations

Branches:
Dungeon (4/15)
 Temple: D:4-7

Altars:
Gozag


Innate Abilities, Weirdness & Mutations

You have sharp fingernails.


Message History

You closely miss the iguana.
The iguana is lightly wounded.
The iguana bites you.
You barely miss the iguana.
The iguana is lightly wounded.
The iguana bites you!
* * * LOW HITPOINT WARNING * * *
The iguana misses you.
You closely miss the iguana.
The iguana is lightly wounded.
The iguana barely misses you.
You riposte.
You hit the iguana but do no damage.
The iguana is lightly wounded.
You feel better. The iguana misses you.
You barely miss the iguana.
The iguana is lightly wounded.
The iguana closely misses you.
You hit the iguana.
The iguana is heavily wounded.
The iguana bites you!
You die...

.. ### ..
.# #..##.
##.# #..#.
#... #...
..# #..
...#
#.####...#
#.@lo..#
####B.##
####


You could see an iguana, a worker ant and an orc.

Vanquished Creatures
  Jessica (D:2)
  Robin (D:2)
  2 oozes (D:1)
  5 worms
  A dart slug (D:1)
  A leopard gecko (D:2)
  An orc (D:4)
  3 bats (D:1)
  6 giant cockroaches
  13 goblins
  8 hobgoblins
  4 jackals (D:4)
  7 kobolds
  A frilled lizard (D:2)
  5 rats
59 creatures vanquished.

Vanquished Creatures (others)
  6 plants (D:3)
6 creatures vanquished.

Grand Total: 65 creatures vanquished

Notes
Turn   | Place    | Note
-------+----------+-------------------------------------------
     0 | D:1      | grandjackal the Demonspawn Gladiator began the quest for
                  | the Orb.
     0 | D:1      | Reached XP level 1. HP: 16/16 MP: 1/1
    36 | D:1      | Gained mutation: You have sharp fingernails. [demonic
                  | ancestry]
    36 | D:1      | Reached XP level 2. HP: 15/22 MP: 2/2
   452 | D:1      | Reached skill level 1 in Unarmed Combat
   591 | D:1      | Reached XP level 3. HP: 28/28 MP: 3/3
  1123 | D:2      | Noticed Jessica
  1129 | D:2      | Killed Jessica
  1168 | D:2      | Noticed Robin
  1179 | D:2      | Reached XP level 4. HP: 24/34 MP: 4/4
  1563 | D:2      | Killed Robin
  2295 | D:3      | Found an opulent altar of Gozag.
  2748 | D:4      | Slain by an iguana

Illustrated notes

Levels and vault maps discovered:
D:1:      dpeg_arrival_houses_and_road, layout_loops_ring, minmay_tetromino_i2
D:2:      layout_basic, uniq_jessica, uniq_robin
D:3:      layout_basic, old_standard_altar, serial_bayou_pond_c,
          nicolae_gozag_cash_rules_everything_around_me
D:4:      layout_rooms, cheibriados_altar_1, minmay_misc_feat_five

Skill      XL: |  1  2  3  4 |
---------------+-------------+-----
Dodging        | 3 |  3.5
Unarmed Combat | 1 2 |  2.5
Fighting       | 3 |  3.1
Long Blades    | |  2.9
Throwing       | |  1.7

Action                   |  1- 3 |  4- 6 || total
-------------------------+-------+-------++-------
Melee: Long sword        |    63 |   103 ||   166
       Punch             |       |     1 ||     1
  Use: Potion            |       |     2 ||     2
Armor: Leather armour    |    17 |    35 ||    52
Dodge: Dodged            |    46 |   112 ||   158
       Rpst.: Long sword |    14 |    36 ||    50

Table legend: (Time is in decaauts)
 A = Elapsed time spent in this place.
 B = Non-inter-level travel time spent in this place.
 C = Inter-level travel time spent in this place.
 D = Time resting spent in this place.
 E = Time spent auto-exploring this place.
 F = Levels seen in this place.
 G = Mean time per level.
                   A        B        C        D        E       F      G
               +--------+--------+--------+--------+--------+-----+--------+
         Total |   2792 |   2753 |     39 |    898 |   1408 |   4 |  698.0 |
       Dungeon |   2792 |   2753 |     39 |    898 |   1408 |   4 |  698.0 |
               +--------+--------+--------+--------+--------+-----+--------+

Top non-repeatable levels by time:
     D:1: 1206 daAuts
     D:2: 1122 daAuts
     D:3: 433 daAuts
     D:4: 28 daAuts
